AoeStats
← Oxplease

Hideout

509938302Analyzed
1v1 RM · 3d ago on Sep 28, 2026· 28m 11s· 2 players
Game mode
Random Map
Map size
Tiny (2 player)
Population
200
Speed
Normal
Resources
Standard
Victory
Conquest
Starting age
Dark Age
Ending age
Imperial Age
RankedLock teamsTeams togetherTeam positionsShared explorationLock speedFull tech treeHidden civsTurbo modeCheats
Victory
Defeat
🇫🇷 Dravidians · France
809
+15
🇩🇪 Vietnamese · Germany
781
-15
Tütenhund
7:46 Loom
10:34 Feudal Age
13:03 Horse Collar
15:52 Fletching
20:45 Wheelbarrow
20:17 Padded Archer Armor
24:29 Castle Age
27:56 Bodkin Arrow
Oxplease
10:15 Feudal Age
17:11 Castle Age
17:16 Elite Skirmisher
22:34 Double-Bit Axe
26:51 Thumb Ring
Connection lost

Rejoining the realm…

Still unreachable

The connection could not be restored.

Session expired

The server has moved on; the page needs a fresh start.